 Dungeon Crawl Stone Soup version 0.20-a0-772-g73021bd (webtiles) character file.

29516 Kriby the Eclecticist (level 13, -6/63 HPs)
             Began as a Deep Elf Conjurer on Feb 27, 2017.
             Was an Elder of Vehumet.
             Mangled by a black mamba (7 damage)
             ... on level 6 of the Lair of Beasts.
             The game lasted 00:44:11 (21500 turns).

Kriby the Eclecticist (Deep Elf Conjurer)          Turns: 21500, Time: 00:44:12

Health: -6/63      AC:  6    Str:  4 (5)  XL:     13   Next: 15%
Magic:  20/47      EV: 20    Int: 26      God:    Vehumet [****..]
Gold:   1302       SH:  0    Dex: 17 (18) Spells: 24/51 levels left

rFire    . . .     SeeInvis +   P - +9 falchion of Uskayaw's Castigation {pain, rN++ MP+9 Stlth+}
rCold    . . .     Gourm    .   a - +0 robe
rNeg     + + .     Faith    .   (no shield)
rPois    .         Spirit   .   T - +0 helmet
rElec    .         Reflect  .   r - +1 cloak
rCorr    .         Harm     .   (no gloves)
MR       ++...                  s - +0 pair of boots
Stlth    +++.......             (no amulet)
Regen    0.2/turn               K - +3 ring of dexterity
MPRegen  0.3/turn               x - +4 ring of evasion

@: no status effects
A: see invisible, deterioration 1, magic resistance 1, subdued magic 1
a: Renounce Religion


You were on level 6 of the Lair of Beasts.
You worshipped Vehumet.
Vehumet was greatly pleased with you.
You were not hungry.

You visited 3 branches of the dungeon, and saw 17 of its levels.
You also visited: Ossuary.

You collected 1302 gold pieces.

Inventory:

Hand Weapons
 y - a +1 quarterstaff of speed
 P - the +9 falchion of Uskayaw's Castigation (weapon) {pain, rN++ MP+9 Stlth+}
   (You took it off an orc warrior on level 7 of the Dungeon)

   In the hands of one skilled in necromantic magic, it inflicts extra damage on
   living creatures.
   It greatly protects you from negative energy.
   It affects your magic capacity (+9).
   It makes you more stealthy.
Armour
 a - a +0 robe (worn)
 m - a +2 leather armour of fire resistance
 r - a +1 cloak (worn)
 s - a +0 pair of boots (worn)
 T - a +0 helmet (worn)
Jewellery
 g - an uncursed amulet of faith
 t - a +2 ring of strength
 x - a +4 ring of evasion (left hand)
 K - a +3 ring of dexterity (right hand)
 O - an uncursed ring of protection from cold
 S - an uncursed ring of flight
 W - an uncursed amulet of the gourmand {unknown}
Wands
 v - a wand of paralysis (8/24)
 D - a wand of flame (19/48)
 G - a wand of confusion (26/48)
 H - a wand of clouds (0/9)
 I - a wand of flame (23/48)
 M - a wand of digging (13/24)
 N - a wand of acid (0/15)
 Z - a wand of polymorph (11/24)
Scrolls
 e - 4 scrolls of enchant armour
 h - 7 scrolls of remove curse
 o - 5 scrolls of teleportation
 p - 3 scrolls of identify
 u - 6 scrolls of enchant weapon
 A - 3 scrolls of magic mapping
 B - 2 scrolls of fog
 E - 2 scrolls of blinking
 V - a scroll of noise
Potions
 d - 6 potions of might
 f - 2 potions of flight
 i - 11 potions of curing
 j - 2 potions of haste
 l - 4 potions of degeneration
 n - 3 potions of brilliance
 q - 3 potions of magic
 w - 2 potions of agility
 z - a potion of mutation
 F - 3 potions of invisibility
 J - 5 potions of heal wounds
Books
 b - a book of Conjurations

   Spells                             Type                      Level
   a - Magic Dart                     Conjuration                  1
   b - Searing Ray                    Conjuration                  2
   c - Dazzling Spray                 Conjuration/Hexes            3
   d - Fulminant Prism                Conjuration/Hexes            4
   e - Force Lance                    Conjuration/Translocation    4
   f - Iskenderun's Mystic Blast      Conjuration                  4
 R - a book of Summonings

   Spells                             Type                      Level
   a - Recall                         Summoning/Translocation      3
   b - Aura of Abjuration             Summoning                    5
   c - Summon Demon                   Summoning                    5
   d - Summon Forest                  Summoning/Translocation      5
   e - Summon Mana Viper              Hexes/Summoning              5
   f - Shadow Creatures               Summoning                    6
 U - the Tome of Heat and Toxins
   (You found it on level 5 of the Lair of Beasts)

   Spells                             Type                      Level
   a - Flame Tongue                   Conjuration/Fire             1
   b - Ignite Poison                  Fire/Transmutation/Poison    3
   c - Inner Flame                    Hexes/Fire                   3
   d - Fireball                       Conjuration/Fire             5
   e - Ignition                       Fire                         8
 X - a book of Frost

   Spells                             Type                      Level
   a - Freeze                         Ice                          1
   b - Throw Frost                    Conjuration/Ice              2
   c - Ozocubu's Armour               Charms/Ice                   3
   d - Throw Icicle                   Conjuration/Ice              4
   e - Summon Ice Beast               Ice/Summoning                4
 Y - a Young Poisoner's Handbook

   Spells                             Type                      Level
   a - Sting                          Conjuration/Poison           1
   b - Poisonous Vapours              Poison/Air                   2
   c - Mephitic Cloud                 Conjuration/Poison/Air       3
   d - Olgreb's Toxic Radiance        Poison                       4
   e - Venom Bolt                     Conjuration/Poison           5
Comestibles
 c - 13 bread rations
 C - 5 meat rations
 L - a royal jelly
 Q - 8 fruits


   Skills:
 + Level 5.5 Dodging
 - Level 2.4 Stealth
 * Level 19.9 Spellcasting
 - Level 11.2 Conjurations
 - Level 11.9 Summonings


You had 24 spell levels left.
You knew the following spells:

 Your Spells              Type           Power        Failure   Level  Hunger
a - Magic Dart            Conj           ####         0%          1    None
b - Searing Ray           Conj           ######       0%          2    None
c - Iskenderun's Mystic   Conj           ######..     1%          4    None
d - Force Lance           Conj/Tloc      #####...     1%          4    None
e - Conjure Flame         Conj/Fire      #####...     1%          3    None
f - Shadow Creatures      Summ           N/A          1%          6    ##.....
g - Spellforged Servitor  Conj/Summ      ######....   3%          7    ####...


Dungeon Overview and Level Annotations

Branches:
Dungeon (10/15)            Temple (1/1) D:4            Lair (6/6) D:9
  Swamp (0/4) Lair:3       Spider (0/4) Lair:3        Slime (0/5) Lair:5
    Orc (0/2) D:9

Altars:
Ashenzari
Cheibriados
Dithmenos
Elyvilon
Fedhas
Gozag
Hepliaklqana
Kikubaaqudgha
Makhleb
Nemelex Xobeh
Okawaru
Qazlal
Ru
Sif Muna
Trog
Uskayaw
Vehumet
Wu Jian
Xom
Yredelemnul
Zin
The Shining One

Annotations:
D:9 exclusion: downstairs
D:10 exclusion: door, Urug


Innate Abilities, Weirdness & Mutations

You have supernaturally acute eyesight. (SInv)
Your body sometimes deteriorates upon taking damage.
You are resistant to hostile enchantments. (MR+)
Your spells are a little easier to cast, but a little less powerful.


Message History

Your water moccasin is engulfed in blazing flames.
Your water moccasin dies!
Your water moccasin's corpse dissolves into shadows!
Your yak is engulfed in blazing flames.
A black mamba comes into view.
The black mamba hisses angrily.
The fire crab breathes flames at you. The blast of flame engulfs you!
Your yak gores the crocodile!
The crocodile bites your yak!
You are engulfed in blazing flames.
* * * LOW HITPOINT WARNING * * *
Your body deteriorates!
You feel weakened.
Your yak dissolves into shadows!
You are engulfed in blazing flames.
* * * LOW HITPOINT WARNING * * *
Your body deteriorates!
You feel clumsy.
There is a stone staircase leading up here.
Something completely misses your yak. Something claws your yak!
Your yak is engulfed in flames!
The black mamba bites you!
You die...

.....
.....###..#Pt......
....# .##
......##..#........
....# #.#.
##.....#.##t.......
....#.
#..##...#..t#..Y.......
.....#
#..........§...........
......
##........#..l###.#.....
......
#...#.⌠.⌠.#Y..##.⌠..#...
..†...
#..#.......#............
......
.......@......+..⌠.⌠#...
......
.......S...#..#.....#...
....##
#..#..⌠.⌠.##.)##.⌠.## .
†..##
#...#...........#.##
....# #...........#.....
...†#
..#.......#.####....
...#.. . #..###....#
#.... ...#.# ##. ....##


You could see a black mamba, a friendly komodo dragon and a friendly yak.

Vanquished Creatures
  3 hydras
  2 two-headed ogres (D:9)
  Erica (Lair:2)
  Pikel (D:4)
  An orb spider (Lair:3)
  A black mamba (Lair:1)
  3 torpor snails (Lair:5)
  4 spiny frogs
  4 rime drakes (Lair:5)
  8 komodo dragons
  6 hippogriffs
  16 dream sheep
  4 blink frogs (Lair:2)
  32 yaks
  2 wyverns (Lair:3)
  5 basilisks (Lair:4)
  Eustachio (D:4)
  6 vampire mosquitoes (Lair:3)
  6 water moccasins
  3 orc warriors
  9 porcupines
  2 sky beasts
  4 slaves
  A black bear (D:9)
  A necrophage (D:9)
  3 wolves (Lair:1)
  A phantom (D:6)
  5 ogres
  3 centaurs
  6 crocodiles
  10 bullfrogs
  2 scorpions
  A wight (D:10)
  2 electric eels
  A crimson imp (D:6)
  4 howler monkeys
  Crazy Yiuf (D:5)
  7 orc priests
  A gnoll shaman (D:7)
  4 hounds
  11 orc wizards
  A bullfrog skeleton (D:6)
  3 jellies
  3 iguanas
  5 worker ants
  8 mummies (Ossuary)
  2 worker ant zombies
  11 adders
  5 gnolls
  3 shadow imps
  2 adder zombies
  An adder skeleton (D:4)
  3 worms (D:3)
  2 dart slugs
  3 leopard geckos
  36 orcs
  A ball python (D:3)
  8 giant cockroaches
  11 hobgoblins
  8 jackals
  3 quokkas
  10 bats
  5 frilled lizards
  6 goblins
  3 hobgoblin zombies (Ossuary)
  A jackal zombie (D:5)
  12 kobolds
  A kobold zombie (Ossuary)
  4 orc zombies (Ossuary)
  A quokka skeleton (D:7)
  A quokka zombie (D:5)
  5 rats
  2 fungi
  A plant (Lair:5)
359 creatures vanquished.

Vanquished Creatures (collateral kills)
  A hydra (Lair:4)
  Nergalle (Lair:3)
  3 spiny frogs
  A komodo dragon (Lair:3)
  A polar bear (Lair:3)
  10 yaks
  A vampire mosquito (Lair:3)
  2 bullfrogs (Lair:3)
  A bush (Lair:2)
  A plant (Lair:3)
22 creatures vanquished.

Vanquished Creatures (others)
  A komodo dragon (Lair:6)
  5 fungi
  5 plants
11 creatures vanquished.

Grand Total: 392 creatures vanquished

Notes
Turn   | Place    | Note
-------+----------+-------------------------------------------
     0 | D:1      | Kriby the Deep Elf Conjurer began the quest for the Orb.
     0 | D:1      | Reached XP level 1. HP: 10/10 MP: 6/6
   220 | D:1      | Reached XP level 2. HP: 15/15 MP: 1/8
   439 | D:1      | Reached skill level 4 in Spellcasting
  1180 | D:2      | Reached XP level 3. HP: 19/19 MP: 9/11
  1323 | D:2      | Found a sparkling altar of Nemelex Xobeh.
  1363 | D:2      | Learned a level 2 spell: Searing Ray
  1477 | D:2      | Reached skill level 5 in Spellcasting
  2126 | D:3      | Reached XP level 4. HP: 24/24 MP: 10/13
  2450 | D:3      | Learned a level 4 spell: Iskenderun's Mystic Blast
  2518 | D:3      | Reached skill level 5 in Conjurations
  3089 | D:3      | Reached skill level 6 in Spellcasting
  3223 | D:4      | Reached XP level 5. HP: 21/28 MP: 7/15
  3378 | D:4      | Noticed Eustachio
  3402 | D:4      | Killed Eustachio
  3402 | D:4      | Reached skill level 7 in Spellcasting
  3402 | D:4      | Reached XP level 6. HP: 22/32 MP: 1/18
  3499 | D:4      | Found a staircase to the Ecumenical Temple.
  3558 | D:4      | Found a sand-covered staircase.
  3579 | Ossuary  | Entered an ossuary
  4104 | Ossuary  | Reached skill level 8 in Spellcasting
  4604 | D:4      | Noticed Pikel
  4604 | D:4      | Noticed a slave
  4605 | D:4      | Noticed a slave
  4606 | D:4      | Noticed a slave
  4608 | D:4      | Noticed a slave
  4634 | Temple   | Entered the Ecumenical Temple
  4639 | Temple   | Killed a slave
  4779 | Temple   | Became a worshipper of Vehumet
  4813 | D:4      | Killed a slave
  4817 | D:4      | Killed a slave
  4891 | D:4      | Killed a slave
  4895 | D:4      | Killed Pikel
  4895 | D:4      | Reached skill level 10 in Spellcasting
  4895 | D:4      | Reached XP level 7. HP: 36/36 MP: 6/22
  5048 | D:4      | Reached XP level 8. HP: 41/41 MP: 21/24
  5495 | D:5      | Entered Level 5 of the Dungeon
  5762 | D:5      | Reached skill level 11 in Spellcasting
  5894 | D:5      | Found a glowing golden altar of the Shining One.
  6033 | D:5      | Learned a level 4 spell: Force Lance
  6564 | D:5      | Found a runed door.
  6568 | D:5      | Noticed Crazy Yiuf
  6572 | D:5      | Killed Crazy Yiuf
  6896 | D:6      | Reached * piety under Vehumet
  6896 | D:6      | Offered knowledge of Sandblast by Vehumet.
  6933 | D:6      | You fall through a shaft for 2 floors!
  6973 | D:8      | Found a glowing silver altar of Zin.
  6984 | D:8      | You fall through a shaft!
  7081 | D:8      | Found an ornate altar of the Wu Jian Council.
  7154 | D:9      | Reached skill level 12 in Spellcasting
  7212 | D:9      | Noticed a two-headed ogre
  7221 | D:9      | Killed a two-headed ogre
  7221 | D:9      | Reached skill level 13 in Spellcasting
  7221 | D:9      | Reached XP level 9. HP: 45/45 MP: 21/28
  7957 | D:6      | Found a deep blue altar of Sif Muna.
  8495 | D:7      | Found a burning altar of Makhleb.
  8586 | D:7      | Got an iridescent falchion {pain}
  8587 | D:7      | Identified the +9 falchion of Uskayaw's Castigation {pain, rN++ MP+9 Stlth+} (You took it off an orc warrior on level 7 of the Dungeon)
  9213 | D:7      | Reached skill level 14 in Spellcasting
  9333 | D:7      | Gained mutation: You have sharp toenails. [mutagenic meat]
  9334 | D:7      | Gained mutation: Scrolls take you a little longer to read. [mutagenic meat]
  9335 | D:7      | Gained mutation: You are weak. (Str -2) [mutagenic meat]
  9495 | D:7      | Lost mutation: You are weak. (Str -2) [potion of mutation]
  9495 | D:7      | Lost mutation: Scrolls take you a little longer to read. [potion of mutation]
  9495 | D:7      | Lost mutation: You have sharp toenails. [potion of mutation]
  9495 | D:7      | Gained mutation: You are dopey. (Int -2) [potion of mutation]
  9495 | D:7      | Gained mutation: You have sharp toenails. [potion of mutation]
  9496 | D:7      | Lost mutation: You are dopey. (Int -2) [potion of mutation]
  9496 | D:7      | Lost mutation: You have sharp toenails. [potion of mutation]
  9496 | D:7      | Gained mutation: You are frail. (-10% HP) [potion of mutation]
  9496 | D:7      | Gained mutation: Scrolls take you a little longer to read. [potion of mutation]
  9496 | D:7      | Gained mutation: You have large cloven feet. [potion of mutation]
  9497 | D:7      | Lost mutation: You are frail. (-10% HP) [potion of mutation]
  9497 | D:7      | Lost mutation: Scrolls take you a little longer to read. [potion of mutation]
  9497 | D:7      | Lost mutation: You have large cloven feet. [potion of mutation]
  9497 | D:7      | Gained mutation: Your spells are a little easier to cast, but a little less powerful. [potion of mutation]
  9497 | D:7      | Gained mutation: You are resistant to hostile enchantments. (MR+) [potion of mutation]
  9497 | D:7      | Gained mutation: Your body sometimes deteriorates upon taking damage. [potion of mutation]
  9497 | D:7      | Gained mutation: You have supernaturally acute eyesight. (SInv) [potion of mutation]
  9586 | D:7      | Reached ** piety under Vehumet
  9591 | D:7      | Offered knowledge of Throw Flame by Vehumet.
  9970 | D:8      | Found an iron altar of Okawaru.
 10178 | D:8      | Found a hazy altar of Hepliaklqana.
 10451 | D:9      | Found a staircase to the Orcish Mines.
 10462 | D:9      | Reached skill level 10 in Conjurations
 10606 | D:9      | Identified the cursed +0 ring mail of Sif Muna's Indignation {Dex+4} (You found it on level 9 of the Dungeon)
 10653 | D:9      | Noticed a two-headed ogre
 10664 | D:9      | Killed a two-headed ogre
 10664 | D:9      | Reached skill level 15 in Spellcasting
 10664 | D:9      | Reached XP level 10. HP: 50/50 MP: 18/31
 10758 | D:9      | Found a staircase to the Lair.
 10899 | D:9      | Offered knowledge of Conjure Flame by Vehumet.
 10961 | D:9      | Learned a level 3 spell: Conjure Flame
 11592 | D:10     | Entered Level 10 of the Dungeon
 11648 | D:10     | Noticed Urug
 11754 | Lair:1   | Entered Level 1 of the Lair of Beasts
 12189 | Lair:1   | Reached skill level 16 in Spellcasting
 12238 | Lair:1   | Noticed a black mamba
 12240 | Lair:1   | Killed a black mamba
 13014 | Lair:2   | Reached *** piety under Vehumet
 13022 | Lair:2   | Learned a level 6 spell: Shadow Creatures
 13090 | Lair:2   | Reached skill level 1 in Summonings
 13120 | Lair:1   | Reached XP level 11. HP: 20/54 MP: 9/33
 13382 | Lair:2   | Reached skill level 5 in Summonings
 13644 | Lair:2   | Offered knowledge of Static Discharge by Vehumet.
 13995 | Lair:2   | Noticed Erica
 14142 | Lair:2   | Killed Erica
 14463 | Lair:2   | Noticed a six-headed hydra
 14472 | Lair:2   | Killed a six-headed hydra
 14472 | Lair:2   | Reached skill level 10 in Summonings
 15246 | Lair:3   | Reached **** piety under Vehumet
 15389 | Lair:3   | Noticed an orb spider
 15511 | Lair:3   | Found a hole to the Spider Nest.
 15515 | Lair:3   | Killed an orb spider
 15735 | Lair:3   | Noticed Nergalle
 15748 | Lair:3   | Killed Nergalle
 16031 | Lair:3   | Found a staircase to the Swamp.
 16037 | Lair:3   | Reached XP level 12. HP: 53/59 MP: 34/34
 17217 | Lair:4   | Noticed a four-headed hydra
 17225 | Lair:4   | Killed a four-headed hydra
 17230 | Lair:4   | Reached skill level 17 in Spellcasting
 17664 | Lair:4   | Offered knowledge of Bolt of Draining by Vehumet.
 18542 | Lair:4   | Reached skill level 18 in Spellcasting
 19169 | Lair:5   | Noticed a four-headed hydra
 19178 | Lair:5   | Killed a four-headed hydra
 19327 | Lair:5   | Identified the Tome of Heat and Toxins
 19672 | Lair:5   | Reached skill level 19 in Spellcasting
 20037 | Lair:5   | Found a snail-covered altar of Cheibriados.
 20200 | Lair:5   | Noticed a four-headed hydra
 20205 | Lair:5   | Killed a four-headed hydra
 20284 | Lair:5   | Reached ***** piety under Vehumet
 20295 | Lair:5   | Reached XP level 13. HP: 63/63 MP: 25/38
 20297 | Lair:5   | Offered knowledge of Spellforged Servitor by Vehumet.
 20515 | Lair:5   | Learned a level 7 spell: Spellforged Servitor
 20535 | Lair:5   | Reached skill level 5 in Dodging
 20867 | Lair:5   | Found a staircase to the Slime Pits.
 21256 | Lair:6   | Entered Level 6 of the Lair of Beasts
 21499 | Lair:6   | HP: 1/63 [something] (13)]
 21500 | Lair:6   | Mangled by a black mamba

Vault maps used:
D:1:      dpeg_arrival_tiny_j
D:2:      nemelex_altar_shiori
D:3:      serial_glass, glass_columns_a, glass_columns_b, glass_columns_c,
          glass_columns_a, glass_columns_a, item_on_display_b,
          minmay_strange_pillars, due_unseen_surprise
D:4:      minmay_temple_entry_junction_2, first_bread,
          nicolae_ossuary_entry_monument, uniq_eustachio, uniq_pikel
D:5:      hangedman_decor_growths, tso_metal_star, uniq_crazy_yiuf_cottage
D:6:      lemuel_doored_altar, corexii_mini_fake_secret_closet
D:7:      bloody_makhleb, kennysheep_another_room
D:8:      okawaru_trees_1, kennysheep_mini, nicolae_overflow_hidden_temple,
          kennysheep_mini_moat
D:9:      lair_entry_dummy, david_orc_2, grunt_ogre_cave
D:10:     lemuel_castle_with_subvaults, item_on_display_b, uniq_urug,
          uniq_harold
Temple:   eino_wide_crystal_templ
Lair:2:   uniq_erica
Lair:3:   minmay_swamp_entry_swarm, nicolae_spider_entry_orb_guardian,
          uniq_nergalle
Lair:4:   kennysheep_basilisk_garden, grunt_megastairs_5, serial_bayou_shore_a
Lair:5:   slime_dummy, kennysheep_snail_temple
Lair:6:   due_jungle_book, grunt_megastairs_2
Ossuary:  ossuary_tomb_3

Skill      XL: |  1  2  3  4  5  6  7  8  9 10 11 12 13 |
---------------+----------------------------------------+-----
Spellcasting   | 4 5 6 7 10 13 15 16 19 | 19.9
Conjurations   | 5 7 9 10 11 | 11.2
Summonings     | 3 11 | 11.9
Dodging        | 4 5 |  5.5
Stealth        | |  2.4

Action                   |  1- 3 |  4- 6 |  7- 9 | 10-12 | 13-15 || total
-------------------------+-------+-------+-------+-------+-------++-------
Melee: Dagger            |       |     1 |     9 |       |       ||    10
       Falchion          |       |       |       |    23 |       ||    23
 Cast: Magic Dart        |    80 |   173 |   211 |    23 |       ||   487
       Searing Ray       |       |    20 |    20 |     1 |       ||    41
       Force Lance       |       |       |     4 |     2 |       ||     6
       Iskenderun's Myst |       |       |    58 |   297 |    52 ||   407
       Shadow Creatures  |       |       |       |    41 |     5 ||    46
Evoke: Wand              |       |     3 |     3 |    20 |       ||    26
  Use: Scroll            |       |     5 |     8 |     9 |       ||    22
       Potion            |       |       |     9 |     5 |       ||    14
 Stab: Paralysed         |       |     1 |       |    10 |       ||    11
       Confused          |       |       |       |     3 |       ||     3
  Eat: Chunk             |     3 |     8 |    20 |    21 |     2 ||    54
       Fruit             |       |     1 |     2 |     4 |       ||     7
       Royal jelly       |       |       |       |     5 |     1 ||     6
Armor: Robe              |     1 |     6 |     5 |     6 |     1 ||    19
Dodge: Dodged            |     7 |    20 |    32 |    80 |     1 ||   140
       Rpst.: Falchion   |       |       |     5 |    24 |       ||    29
